 Dungeon Crawl Stone Soup version 0.30-b1-2-g02819fbbbe (webtiles) character file.

Game seed: 10947950725348390379

6409 Mesmaeker13 the Firebug (level 10, 0/69 HPs)
             Began as a Demigod Fire Elementalist on June 25, 2023.
             Slain by a boulder beetle (5 damage)
             ... on level 1 of the Lair of Beasts.
             The game lasted 00:26:27 (10476 turns).

Mesmaeker13 the Firebug (DgFE)                     Turns: 10476, Time: 00:26:28

Health: 0/69       AC:  6    Str:  8    XL:     10   Next: 39%
Magic:  21/33      EV: 11    Int: 28    God:
Gold:   128        SH:  5    Dex: 17    Spells: 12/22 levels left

rFire   + + .        x - +6 hand axe of the Slime-mould {heavy, Fly rC- Will++ Int+3}
rCold   x . .        M - +0 buckler "Teodoum" {rElec rF+ Str-5 SInv}
rNeg    . . .        F - +1 leather armour {rPois}
rPois   +            p - +0 hat "Wazeuv" {rF+ Regen+ Dex+3}
rElec   +            (no cloak)
rCorr   .            (no gloves)
SInv    +            s - +0 pair of boots
Will    +++..        (no amulet)
Stlth   ++           i - ring of wizardry
HPRegen 1.11/turn    B - ring of magical power
MPRegen 0.23/turn

%: wizardry (x1)
@: lethally poisoned (0 -> 0), about to teleport, flying, invisible
A: high MP 1, forlorn, divine attributes
a: no special abilities


You were on level 1 of the Lair of Beasts.
You visited 2 branches of the dungeon, and saw 10 of its levels.

You collected 627 gold pieces.
You spent 499 gold pieces at shops.

Inventory:

Hand Weapons
 c - a +1 trident of freezing
 x - the +6 hand axe of the Slime-mould (weapon) {heavy, Fly rC- Will++ Int+3}
   (You found it on level 5 of the Dungeon)

   Int:       It affects your intelligence (+3).
   rC:        It makes you vulnerable to cold.
   Fly:       It grants you flight.
   Will:      It greatly increases your willpower.
Missiles
 w - 17 poisoned darts (quivered)
Armour
 p - the +0 hat "Wazeuv" (worn) {rF+ Regen+ Dex+3}
   (You found it on level 3 of the Dungeon)

   Dex:       It affects your dexterity (+3).
   rF:        It protects you from fire.
   Regen:     It increases your rate of health regeneration.
 s - a +0 pair of boots (worn)
 y - a +2 helmet
 F - a +1 leather armour of poison resistance (worn)
 M - the +0 buckler "Teodoum" (worn) {rElec rF+ Str-5 SInv}
   (You bought it in a shop on level 5 of the Dungeon)

   Str:       It affects your strength (-5).
   rF:        It protects you from fire.
   rElec:     It insulates you from electricity.
   SInv:      It lets you see invisible.
Jewellery
 i - a ring of wizardry (left hand)
 m - a ring of willpower
 t - a ring of protection from fire
 B - a ring of magical power (right hand)
 D - a ring of positive energy
Wands
 q - a wand of roots (4)
 H - a wand of flame (3)
Scrolls
 d - 2 scrolls of magic mapping {unknown}
 f - a scroll of enchant armour {unknown}
 g - 3 scrolls of noise {unknown}
 h - 3 scrolls of poison
 k - a scroll of fog {unknown}
 o - a scroll of torment {unknown}
 u - 4 scrolls of immolation
 v - 2 scrolls of enchant weapon
 E - 2 scrolls of amnesia
 G - a scroll of vulnerability
 I - a scroll of fear
Potions
 a - a potion of ambrosia {unknown}
 b - a potion of might {unknown}
 e - 4 potions of curing
 j - a potion of cancellation {unknown}
 l - 3 potions of mutation
 n - a potion of brilliance
 A - 2 potions of flight {unknown}
 J - a potion of attraction {unknown}
 L - a potion of resistance {unknown}


   Skills:
 - Level 5.6 Armour
 - Level 1.7 Dodging
 - Level 1.7 Stealth
 + Level 3.0 Shields
 + Level 6.9 Spellcasting
 + Level 7.2 Conjurations
 + Level 4.2 Hexes
 + Level 7.8 Fire Magic


You had 12 spell levels left.
You knew the following spells:

 Your Spells              Type           Power      Damage    Failure   Level
a - Foxfire               Conj/Fire      100%       2x1d9     1%          1
b - Scorch                Fire           100%       2d9       1%          2
c - Flame Wave            Conj/Fire      51%        2d13      2%          4
d - Inner Flame           Hex/Fire       43%        N/A       1%          3

Your spell library contained the following spells:

 Spells                   Type           Power      Damage    Failure   Level
 Magic Dart               Conj           100%       1d8       1%          1
 Searing Ray              Conj           100%       2d8       1%          2
 Volatile Blastmotes      Fire/Tloc      62%        2d15      2%          3
 Hailstorm                Conj/Ice       30%        3d8       3%          3
 Apportation              Tloc           18%        N/A       4%          1
 Freeze                   Ice            36%        1d5       4%          1
 Necrotise                Necr           36%        1d5       4%          1
 Summon Small Mammal      Summ           36%        N/A       4%          1
 Ignite Poison            Fire/Tmut/Pois 24%        N/A       4%          3
 Fulminant Prism          Conj/Hex       20%        3d12      4%          4
 Portal Projectile        Hex/Tloc       42%        N/A       6%          3
 Cigotuvi's Dreadful Rot  Necr/Pois/Air  18%        N/A       8%          2
 Lesser Beckoning         Tloc           18%        N/A       8%          2
 Call Canine Familiar     Summ           9%         N/A       14%         3
 Frozen Ramparts          Ice            18%        1d3       14%         3
 Gell's Gravitas          Tloc           9%         N/A       14%         3
 Teleport Other           Tloc           9%         N/A       14%         3
 Leda's Liquefaction      Hex/Erth       10%        N/A       19%         4
 Dispel Undead            Necr           9%         3d8       41%         4
 Freezing Cloud           Conj/Ice/Air   11%        6-21      43%         5
 Death Channel            Necr           4%         N/A       99%         6


Dungeon Overview and Level Annotations

Branches:
Dungeon (9/15)             Temple (0/1) D:6            Lair (1/5) D:8
    Orc (0/2) D:9

Shops:
D:1 [   D:5 [

Annotations:
D:9 Erolcha


Innate Abilities, Weirdness & Mutations

You have an increased reservoir of magic. (+10% MP)
You shall have no god before yourself.
Your divine heritage dramatically boosts your attributes as you level up.


Message History

The water moccasin poisons you!
You feel very sick.
The foxfire hits the boulder beetle but does no damage.
The boulder beetle is lightly wounded.
The foxfire hits the boulder beetle!
The boulder beetle is burned terribly!
The boulder beetle is lightly wounded.
Unknown command.
Casting: Foxfire (safe; 1% risk of failure)
Confirm with . or Enter, or press ? or * to list all spells.
Flames lash the water moccasin.
You kill the water moccasin!
You feel very sick. The boulder beetle bites you!
Your Shields skill increases to level 3!
Casting: Scorch (safe; 1% risk of failure)
Confirm with . or Enter, or press ? or * to list all spells.
Flames lash the boulder beetle but do no damage.
You feel very sick.
The boulder beetle is no longer more vulnerable to fire.
The boulder beetle barely misses you.
Unknown command.
Casting: Scorch (safe; 1% risk of failure)
Confirm with . or Enter, or press ? or * to list all spells.
Flames lash the boulder beetle but do no damage.
You feel sick. The boulder beetle bites you!
Unknown command.
Casting: Scorch (safe; 1% risk of failure)
Confirm with . or Enter, or press ? or * to list all spells.
Flames lash the boulder beetle.
The boulder beetle is lightly wounded.
The boulder beetle's fire resistance burns away.
You feel sick.
The boulder beetle completely misses you.
It was a potion of invisibility.
You fade into invisibility!
You feel sick. The boulder beetle bites you!!
* * * LOW HITPOINT WARNING * * *
As you read the scroll of teleportation, it crumbles to dust.
You feel strangely unstable.
You feel sick. The boulder beetle bites you.
You die...

... ##.... .##.##
#......
B.....##.......
.......^.......
..........$....
#+#........^
#.......^^.^
##B#..^......
#.@#.......^.
##.##........
#.#P.....^..
##.##........
######..#..#.^....
..........###.$..
..####...## ##.##
##### #P.#


You could see a boulder beetle (unable to see you, combustible).

Vanquished Creatures
  A two-headed ogre (D:9)
  A black mamba (Lair:1)
  A rime drake (Lair:1)
  A troll (D:9)
  Sigmund (D:6)
  Eustachio (D:4)
  A wyvern (D:6)
  2 humans (D:9)
  A steam dragon (D:6)
  4 wargs (D:9)
  2 water moccasins (Lair:1)
  An orc warrior (D:7)
  A sky beast (D:7)
  3 black bears
  An ogre (D:5)
  A centaur (D:6)
  A phantom (D:6)
  2 kobold brigands
  5 bullfrogs
  A gnoll sergeant (D:5)
  2 scorpions
  5 wights
  5 killer bees (D:7)
  3 howler monkeys
  3 electric eels (D:9)
  7 hounds
  A jelly (D:5)
  7 orc priests
  2 gnoll boudas
  3 sleepcaps
  Crazy Yiuf (D:3)
  Natasha (thrice) (D:2)
  5 iguanas
  6 orc wizards
  12 gnolls
  8 adders
  2 white imps
  2 ufetubi
  2 worms
  42 orcs
  7 endoplasms
  3 giant cockroaches
  12 hobgoblins
  A quokka (D:4)
  4 ball pythons
  4 bats
  3 frilled lizards
  11 goblins
  13 kobolds
  2 rats (D:3)
213 creatures vanquished.

Vanquished Creatures (collateral kills)
  A human (D:9)
  A foxfire (D:9)
2 creatures vanquished.

Vanquished Creatures (others)
  475 foxfires
  4 fungi (D:3)
  13 plants (D:9)
492 creatures vanquished.

Grand Total: 707 creatures vanquished

Notes
Turn   | Place    | Note
-------+----------+-------------------------------------------
     0 | D:1      | Mesmaeker13 the Demigod Fire Elementalist began the quest
                  | for the Orb.
     0 | D:1      | Reached XP level 1. HP: 14/14 MP: 5/5
    92 | D:1      | Reached skill level 1 in Conjurations
   290 | D:1      | Found Hicko's Armour Shoppe.
   377 | D:1      | Reached XP level 2. HP: 19/20 MP: 2/7
   933 | D:2      | Learned a level 2 spell: Scorch
  1043 | D:2      | Noticed Natasha
  1047 | D:2      | Killed Natasha
  1048 | D:2      | Reached XP level 3. HP: 26/26 MP: 5/9
  1109 | D:2      | Noticed Natasha
  1119 | D:2      | Killed Natasha
  1148 | D:2      | Noticed Natasha
  1160 | D:2      | Killed Natasha
  1161 | D:2      | Reached XP level 4. HP: 15/33 MP: 5/10
  2455 | D:3      | Identified the +0 hat "Wazeuv" {rF+ Regen+ Dex+3}
  2482 | D:3      | Reached XP level 5. HP: 38/38 MP: 7/12
  3741 | D:4      | Reached skill level 1 in Armour
  3863 | D:4      | Noticed Eustachio
  4047 | D:4      | Reached XP level 6. HP: 45/45 MP: 4/14
  4184 | D:4      | Learned a level 4 spell: Flame Wave
  4186 | D:5      | Entered Level 5 of the Dungeon
  4565 | D:5      | Found Figahug's Armour Boutique.
  4581 | D:5      | Identified the +6 hand axe of the Slime-mould {heavy, Fly
                  | rC- Will++ Int+3}
  4587 | D:5      | Bought a +2 helmet for 231 gold pieces
  4640 | D:5      | Reached XP level 7. HP: 50/50 MP: 7/16
  4900 | D:5      | Reached skill level 5 in Fire Magic
  5692 | D:6      | Noticed a wyvern
  5864 | D:6      | Reached XP level 8. HP: 41/57 MP: 6/18
  5871 | D:6      | Noticed Sigmund
  5885 | D:6      | Killed Sigmund
  5900 | D:6      | Reached skill level 5 in Conjurations
  6003 | D:6      | Reached skill level 5 in Spellcasting
  6379 | D:6      | Found a staircase to the Ecumenical Temple.
  6770 | D:6      | Learned a level 3 spell: Inner Flame
  7245 | D:4      | Killed Eustachio
  7246 | D:4      | Reached XP level 9. HP: 62/62 MP: 15/21
  7673 | D:3      | Found a runed translucent door.
  7674 | D:3      | Noticed Crazy Yiuf
  7679 | D:3      | Killed Crazy Yiuf
  7806 | D:7      | Reached skill level 1 in Hexes
  7808 | D:7      | Reached skill level 5 in Armour
  8883 | D:8      | Found a staircase to the Lair.
  9335 | D:5      | Bought the +0 buckler "Teodoum" {rElec rF+ Str-5 SInv} for
                  | 268 gold pieces
  9420 | D:9      | Noticed a two-headed ogre
  9762 | D:9      | Reached skill level 1 in Shields
  9824 | D:9      | HP: 1/62 [human/+0 flail (12)]
  9835 | D:9      | Noticed Erolcha
  9835 | D:9      | Noticed a brown ugly thing
  9929 | D:9      | Reached XP level 10. HP: 54/69 MP: 23/23
 10100 | D:9      | Killed a two-headed ogre
 10172 | D:9      | Found a staircase to the Orcish Mines.
 10232 | Lair:1   | Entered Level 1 of the Lair of Beasts
 10239 | Lair:1   | Noticed a black mamba
 10245 | Lair:1   | Killed a black mamba
 10460 | Lair:1   | Noticed a boulder beetle
 10476 | Lair:1   | Slain by a boulder beetle

Illustrated notes

Levels and vault maps discovered:
D:1:      giann_wishing_wells, layout_basic, serial_shops, shop,
          minmay_tiny_reverse_x
D:2:      layout_basic, grunt_decor_mini_mirrors, serial_bayou_pond_e,
          uniq_natasha
D:3:      layout_basic, mainiacjoe_overflow_cross_hatched,
          ebering_ecumenical_altar_abandoned, hangedman_decor_growths,
          chequers_mini_garden, uniq_crazy_yiuf_cottage
D:4:      layout_basic, uniq_eustachio
D:5:      layout_basic, mainiacjoe_overflow_catwalk,
          mainiacjoe_overflow_alcove_4, serial_shops, shop_fountains
D:6:      layout_basic, minmay_temple_entry_statues,
          minmay_fractal_squares_diagonal_5, uniq_sigmund
D:7:      layout_rooms
D:8:      layout_rooms, lemuel_doored_altar, lair_entry_dummy
D:9:      layout_loops_corners, minmay_orc_entry_guard_dogs,
          serial_bayou_ford_a, chequers_serial_rivers_room_a, fountainhead,
          nicolae_concentric_dashed_squares_mild, minmay_ruffians, uniq_erolcha
Lair:1:   layout_roguey, minmay_holes, lemuel_centaur_altar,
          serial_bayou_shore_b, grunt_megastairs_1

Skill      XL: |  1  2  3  4  5  6  7  8  9 10 |
---------------+-------------------------------+-----
Conjurations   | 1 2 3 4 5 6 7 |  7.2
Spellcasting   | 2 3 4 5 6 |  6.9
Fire Magic     | 3 4 5 6 7 |  7.8
Armour         | 1 2 3 4 5 |  5.6
Hexes          | 3 4 |  4.2
Shields        | 1 3 |  3.0
Dodging        | |  1.7
Stealth        | |  1.7

Action                     |  1- 3 |  4- 6 |  7- 9 | 10-12 || total
---------------------------+-------+-------+-------+-------++-------
  Melee: Short sword       |     1 |       |       |       ||     1
         Quarterstaff      |       |     1 |       |       ||     1
         Dagger            |       |    22 |       |       ||    22
         Hand axe          |       |       |    21 |       ||    21
  Throw: Dart              |       |     4 |    13 |       ||    17
   Cast: Foxfire           |    44 |    75 |   129 |    28 ||   276
         Scorch            |     5 |    46 |   112 |    19 ||   182
         Inner Flame       |       |       |     5 |       ||     5
         Flame Wave        |       |       |     2 |     1 ||     3
  Evoke: Wand              |       |       |    11 |     2 ||    13
    Use: Scroll            |       |     5 |    12 |     1 ||    18
         Potion            |       |     1 |     4 |     1 ||     6
 Armour: Robe              |       |     5 |       |       ||     5
         Leather armour    |       |     8 |    17 |     4 ||    29
         Ring mail         |       |       |    26 |       ||    26
  Dodge: Dodged            |    10 |    31 |   102 |    22 ||   165
  Block: Buckler           |       |       |     7 |     3 ||    10
